 Dungeon Crawl Stone Soup version bcrawl-1.21.2-1-g32d02e0829 (webtiles) character file.

Game seed: 2480682556783962309

221 Mrkan the Sneak (level 6, 0/42 HPs)
             Began as a Kobold Rogue on Feb 19, 2020.
             Slain by a water moccasin (4 damage)
             ... on level 3 of the Dungeon.
             The game lasted 00:04:09 (2896 turns).

Mrkan the Sneak (Kobold Rogue)                      Turns: 2896, Time: 00:04:09

Health: 0/42       AC:  4    Str:  8    XL:     6   Next: 19%
Magic:  8/8        EV: 14    Int: 13    God:
Gold:   257        SH:  0    Dex: 18    Spells: 5/5 levels left

rFire    . . .     SeeInvis .   a - +2 dagger
rCold    . . .     Gourm    .   (shield restricted)
rNeg     . . .     Faith    .   o - +0 leather armour
rPois    .         Spirit   .   (no helmet)
rElec    .         Reflect  .   d - +0 cloak
rCorr    .         Harm     .   (no gloves)
MR       .....                  (no boots)
Stlth    +++.......             (no amulet)
HPRegen  0.14/turn              (no ring)
MPRegen  0.11/turn              (no ring)

@: lethally poisoned (0 -> -26)
A: small, talons 1, carnivore, mutation resistance 1
a: no special abilities


You were on level 3 of the Dungeon.
You were completely stuffed.

You visited 1 branch of the dungeon, and saw 3 of its levels.

You collected 257 gold pieces.

Inventory:

Hand Weapons
 a - a +2 dagger (weapon)
 b - a +0 blowgun
Missiles
 h - 165 poisoned needles
Armour
 d - a +0 cloak (worn)
 o - a +0 leather armour (worn)
 t - a +0 crystal plate armour
Jewellery
 u - an uncursed amulet of faith {unknown}
Wands
 f - a wand of flame (15)
 g - a wand of enslavement (15)
Scrolls
 c - 4 scrolls of identify {unknown}
 m - a scroll of teleportation {unknown}
 n - a scroll of amnesia {unknown}
 p - a scroll of enchant armour {unknown}
 q - a scroll of noise {unknown}
 s - a scroll of immolation {unknown}
 v - a scroll of remove curse {unknown}
Potions
 i - 3 potions of mutation {unknown}
 j - a potion of flight {unknown}
 k - a potion of brilliance {unknown}
 l - a potion of lignification {unknown}
 r - a potion of ambrosia {unknown}
Comestibles
 e - 2 rations {!d}
 w - a chunk of flesh


   Skills:
 + Level 3.5 Fighting
 * Level 5.4 Short Blades
 + Level 2.1 Dodging
 + Level 6.8 Stealth
 - Level 2.9 Evocations


You had 5 spell levels left.
You didn't know any spells.
Your spell library was empty.

Dungeon Overview and Level Annotations

Branches:
Dungeon (3/12)

Altars:
The Shining One


Innate Abilities, Weirdness & Mutations

You are small and have problems with some larger weapons.
You have sharp toenails.
You are carnivorous and can eat meat at any time.
You are somewhat resistant to further mutation.


Message History

You hit the water moccasin. You claw the water moccasin.
The water moccasin is heavily wounded.
You feel sick. The water moccasin bites you!
* * * LOW HITPOINT WARNING * * *
You hit the water moccasin but do no damage.
The water moccasin is heavily wounded.
* * * LOW HITPOINT WARNING * * *
You feel sick. The water moccasin bites you.
* * * LOW HITPOINT WARNING * * *
You are more poisoned.
The water moccasin poisons you!
You hit the water moccasin.
The water moccasin is heavily wounded.
* * * LOW HITPOINT WARNING * * *
You feel sick. The water moccasin barely misses you.
You hit the water moccasin.
The water moccasin is severely wounded.
* * * LOW HITPOINT WARNING * * *
You feel sick. The water moccasin bites you.
You die...

#.......#<# #............
####.##.#######.####.......
....#......<#............
###..#.#..##....##........
#..#.#..##.#...#........
#..###..##.#...#........
##..............#.#######
#.....##......#รท#........
#..... #@#.####.'........
#.....##S#.# ###........
##.....##g#'#### #........
#........w.....# #########
#..............#
#........#.....#
#........#.....#
#........#.....#
#......).#.....########


You could see a water moccasin, a dart slug and a hobgoblin.

Vanquished Creatures
  Crazy Yiuf (D:2)
  A centaur skeleton (D:3)
  An orc wizard (D:3)
  3 adders
  A shadow imp (D:3)
  2 oozes (D:2)
  3 worms
  3 dart slugs
  3 leopard geckos
  6 orcs
  10 bats
  3 giant cockroaches
  7 goblins
  8 hobgoblins
  5 jackals
  6 kobolds
  A quokka (D:2)
  2 ball pythons
  5 frilled lizards
  9 rats
80 creatures vanquished.

Notes
Turn   | Place    | Note
-------+----------+-------------------------------------------
     0 | D:1      | Mrkan the Kobold Rogue began the quest for the Orb.
     0 | D:1      | Reached XP level 1. HP: 14/14 MP: 2/2
   103 | D:1      | Reached XP level 2. HP: 20/20 MP: 3/3
   189 | D:1      | Reached skill level 6 in Stealth
   399 | D:1      | Reached XP level 3. HP: 24/25 MP: 5/5
  1080 | D:2      | Reached XP level 4. HP: 25/30 MP: 6/6
  1255 | D:2      | Found a runed door.
  1259 | D:2      | Noticed Crazy Yiuf
  1273 | D:2      | Killed Crazy Yiuf
  1273 | D:2      | Reached skill level 1 in Dodging
  1650 | D:2      | Reached XP level 5. HP: 34/36 MP: 7/7
  2306 | D:3      | Reached skill level 5 in Short Blades
  2627 | D:3      | Reached XP level 6. HP: 30/42 MP: 8/8
  2862 | D:3      | Noticed a water moccasin
  2863 | D:3      | Found a glowing golden altar of the Shining One.
  2896 | D:3      | Slain by a water moccasin

Skill      XL: |  1  2  3  4  5 |
---------------+----------------+-----
Short Blades   | 3 4 5 |  5.4
Stealth        | 6 |  6.8
Fighting       | 3 |  3.5
Dodging        | 1 2 |  2.1
Evocations     | |  2.9

Action                   |  1- 3 |  4- 6 || total
-------------------------+-------+-------++-------
Melee: Dagger            |    95 |   180 ||   275
       Kick              |    17 |    60 ||    77
 Stab: Sleeping          |     9 |     7 ||    16
       Distracted        |       |     2 ||     2
  Eat: Chunk             |     8 |     7 ||    15
Armor: Robe              |     9 |       ||     9
       Leather armour    |    32 |    29 ||    61
Dodge: Dodged            |    63 |    93 ||   156
